 Dungeon Crawl Stone Soup version 0.19.4-8-ga85b6b9 (webtiles) character file.

742 Gargoyl the Chopper (level 7, 0/60 HPs)
             Began as a Ghoul Abyssal Knight on Feb 7, 2017.
             Was a Believer of Lugonu.
             Slain by Erica
             ... wielding a +0 scimitar of flaming
              (2 damage)
             ... on level 9 of the Dungeon.
             The game lasted 00:12:10 (5085 turns).

Gargoyl the Chopper (Ghoul Abyssal Knight)          Turns: 5085, Time: 00:12:11

Health: 0/60       AC: 11    Str: 18 (19) XL:     7   Next: 76%
Magic:  8/8        EV: 10    Int:  5 (7)  God:    Lugonu [**....]
Gold:   328        SH:  0    Dex:  7 (10) Spells: 0 memorised, 6 levels left

rFire  . . .     SeeInvis .     e - +1 hand axe (drain)
rCold  + . .     Gourm    .     A - +0 scale mail
rNeg   + + +     Faith    .     (no shield)
rPois  ∞         Spirit   .     t - +0 helmet (curse)
rElec  .         Reflect  .     d - +1 cloak
rCorr  .         Harm     .     q - +0 pair of gloves
MR     .....                    (no boots)
Stlth  ..........               (no amulet)
                                (no ring)
                                l - +3 ring of strength (curse)

@: rotting
A: rotting body, claws 1, carnivore 3, cold resistance 1, negative energy
resistance 3, slow regeneration 1, torment resistance, unbreathing
a: Depart the Abyss, Bend Space, Renounce Religion


You were on level 9 of the Dungeon.
You worshipped Lugonu.
Lugonu was pleased with you.
You were not hungry.

You visited 1 branch of the dungeon, and saw 7 of its levels.
You visited the Abyss 1 time.

You collected 328 gold pieces.

Inventory:

Hand Weapons
 a - a +2 hand axe
 e - a +1 hand axe of draining (weapon)
 i - a cursed +0 war axe
 p - a +0 war axe
Missiles
 h - 5 tomahawks (quivered)
Armour
 d - a +1 cloak (worn)
 q - a +0 pair of gloves (worn)
 t - a cursed +0 helmet (worn)
 A - a +0 scale mail (worn)
Jewellery
 l - a cursed +3 ring of strength (left hand)
Wands
 u - a wand of disintegration (12/24)
 z - a wand of iceblast (7/15)
Scrolls
 b - 4 scrolls of teleportation
 f - 3 scrolls of identify
 m - 2 scrolls of amnesia
 o - 2 scrolls of remove curse
 s - a scroll of enchant weapon
 y - a scroll of magic mapping
Potions
 j - a potion of brilliance
Books
 x - a book of Flames

   Spells                             Type                      Level
   a - Flame Tongue                   Conjuration/Fire             1
   b - Throw Flame                    Conjuration/Fire             2
   c - Conjure Flame                  Conjuration/Fire             3
   d - Inner Flame                    Hexes/Fire                   3
   e - Sticky Flame                   Conjuration/Fire             4
   f - Fireball                       Conjuration/Fire             5
Comestibles
 c - 4 meat rations
 n - 2 slices of pizza


   Skills:
 + Level 4.3 Fighting
 + Level 4.4 Axes
 * Level 4.4 Armour
 + Level 1.9 Dodging
 * Level 2.4 Unarmed Combat
 * Level 3.8 Invocations


You had 6 spell levels left.
You didn't know any spells.

Dungeon Overview and Level Annotations

Branches:
Dungeon (6/15)             Temple (0/1) D:5            Lair (0/6) D:9

Altars:
Dithmenos
Uskayaw
The Shining One

Shops:
D:5 %

Annotations:
D:9 Erica


Innate Abilities, Weirdness & Mutations

Your body is rotting away.
You thrive on raw meat.
You are immune to poison.
You have sharp fingernails.
You are carnivorous and can eat meat at any time.
Your flesh is cold resistant. (rC+)
You are immune to negative energy. (rN+++)
You regenerate slowly when monsters are visible.
You are immune to unholy pain and torment.
You can survive without breathing.


Message History

You miss something. Something hits you! Something burns you.
* * * LOW HITPOINT WARNING * * *
You barely miss something. Something hits you but does no damage.
You slash something!
You hear some strange, mumbled words.
Something tries to affect you, but you resist.
You barely miss something.
You hear some strange, mumbled words.
An orb of energy appears from out of thin air!
The orb of energy hits you!
* * * LOW HITPOINT WARNING * * *
The orb of energy explodes!
It was a potion of degeneration.
There was something very wrong with that liquid.
You feel weakened.
You feel dopey.
You feel clumsy. Something hits you but does no damage.
You miss something. Something hits you.
* * * LOW HITPOINT WARNING * * *
Something burns you.
You die...

###########
#.......#.####
########.#.#....##
......{@.#.#.##.>#
##########.#.#####
#...<....[#
###.#######


There were no monsters in sight!

Vanquished Creatures
  A centaur (D:6)
  A scorpion (D:5)
  The ghost of helicases the Ducker, a weakling TrBe of Trog (D:4)
  A crimson imp (D:6)
  A jelly (D:5)
  3 orc wizards
  Natasha (twice) (D:4)
  5 worker ants
  2 hound zombies (D:5)
  Robin (D:4)
  4 gnolls (D:5)
  6 adders
  An ooze (D:5)
  2 adder skeletons
  4 worms
  3 dart slugs
  4 leopard geckos
  8 orcs
  3 giant cockroaches
  11 goblins
  6 hobgoblins
  3 quokkas (D:2)
  7 bats
  3 frilled lizards
  7 kobolds
  A quokka zombie (D:6)
  7 rats
98 creatures vanquished.

Notes
Turn   | Place    | Note
-------+----------+-------------------------------------------
     0 | Abyss:1  | Gargoyl the Ghoul Abyssal Knight began the quest for the Orb.
     0 | Abyss:1  | Reached XP level 1. HP: 19/19 MP: 1/1
    17 | Abyss:1  | Found a corrupted altar of Lugonu.
   145 | Abyss:1  | Noticed an iron imp
   178 | Abyss:1  | Noticed an apocalypse crab
   179 | D:1      | Escaped the Abyss
   861 | D:2      | Reached XP level 2. HP: 24/26 MP: 2/2
   874 | D:2      | Reached XP level 3. HP: 19/33 MP: 3/3
   916 | D:2      | Reached * piety under Lugonu
  1123 | D:2      | Reached skill level 1 in Dodging
  1411 | D:2      | Reached XP level 4. HP: 39/40 MP: 4/4
  1437 | D:2      | Found a glowing golden altar of the Shining One.
  1690 | D:3      | Reached skill level 1 in Unarmed Combat
  1848 | D:3      | Found a hide-covered altar of Uskayaw.
  2231 | D:4      | Noticed Robin
  2242 | D:4      | Killed Robin
  2242 | D:4      | Reached XP level 5. HP: 36/45 MP: 6/6
  2247 | D:4      | Reached ** piety under Lugonu
  2744 | D:4      | Noticed Natasha
  2756 | D:4      | Killed Natasha
  2790 | D:4      | Reached XP level 6. HP: 45/52 MP: 7/7
  2860 | D:4      | Noticed helicases's ghost (weakling TrBe)
  2926 | D:5      | Entered Level 5 of the Dungeon
  3164 | D:5      | Found a staircase to the Ecumenical Temple.
  3241 | D:5      | Reached XP level 7. HP: 56/59 MP: 8/8
  3287 | D:5      | Found Bayn's Food Shop.
  3657 | D:4      | Killed helicases's ghost
  3780 | D:4      | Noticed Natasha
  3786 | D:4      | Killed Natasha
  4802 | D:6      | Found a faded altar of an unknown god.
  4802 | D:6      | Found a shadowy altar of Dithmenos.
  4807 | D:6      | Found a faded altar of an unknown god.
  4809 | D:6      | Found a faded altar of an unknown god.
  4810 | D:6      | Found a faded altar of an unknown god.
  5042 | D:6      | You fall through a shaft for 3 floors!
  5042 | D:9      | Found a staircase to the Lair.
  5055 | D:9      | Noticed Erica
  5085 | D:9      | HP: 2/60 [something (4)]
  5085 | D:9      | Slain by Erica

Skill      XL: |  1  2  3  4  5  6  7 |
---------------+----------------------+-----
Armour         | 2 3 4 |  4.4
Axes           | 2 3 4 |  4.4
Dodging        | 1 |  1.9
Unarmed Combat | 1 2 |  2.4
Fighting       | 4 |  4.3
Invocations    | 3 |  3.8

Action                   |  1- 3 |  4- 6 |  7- 9 || total
-------------------------+-------+-------+-------++-------
Melee: Hand axe          |    79 |   198 |   155 ||   432
       Punch             |       |       |     2 ||     2
Invok: Depart the Abyss  |     1 |       |       ||     1
  Use: Scroll            |     8 |     4 |     5 ||    17
       Potion            |       |       |    11 ||    11
 Stab: Invisible         |       |       |     2 ||     2
  Eat: Chunk             |    15 |    35 |     7 ||    57
Armor: Ring mail         |    30 |    93 |       ||   123
       Leather armour    |     1 |       |       ||     1
       Scale mail        |       |    26 |    63 ||    89
Dodge: Dodged            |    62 |   140 |    91 ||   293
